 Dungeon Crawl Stone Soup version 0.28-a0-425-gd0eccab798 (webtiles) character file.

Game seed: 18417795514433491073

240 Jawa73 the Slasher (level 6, -1/85 HPs)
             Began as a Naga Monk on Sept 9, 2021.
             Slain by a gnoll shaman (11 damage)
             ... on level 3 of the Dungeon.
             The game lasted 00:09:04 (2694 turns).

Jawa73 the Slasher (Naga Monk)                      Turns: 2694, Time: 00:09:05

Health: -1/85      AC:  7    Str: 15    XL:     6   Next: 8%
Magic:  6/6        EV:  9    Int: 11    God:
Gold:   129        SH:  0    Dex: 13    Spells: 5/5 levels left

rFire   . . .      SeeInvis +   a - +0 falchion
rCold   . . .      Faith    .   (no shield)
rNeg    . . .      Spirit   .   e - +1 ring mail
rPois   +          Reflect  .   (no helmet)
rElec   .          Harm     .   p - +0 cloak
rCorr   .          Rampage  .   (no gloves)
Will    +....                   (no barding)
Stlth   ..........              (no amulet)
HPRegen 0.24/turn               g - ring of willpower
MPRegen 0.10/turn               (no ring)

@: berserking, quick
A: AC +2, large, see invisible, deformed body, poison resistance, slowness 2,
spit poison 1, naga tail 1
a: Spit Poison


You were on level 3 of the Dungeon.
You visited 1 branch of the dungeon, and saw 3 of its levels.

You collected 129 gold pieces.

Inventory:

Hand Weapons
 a - a +0 falchion (weapon)
Missiles
 c - 4 boomerangs of dispersal
 i - a throwing net
Armour
 e - a +1 ring mail (worn)
 p - a +0 cloak (worn)
Jewellery
 g - a ring of willpower (left hand)
Scrolls
 o - 3 scrolls of vulnerability
Potions
 f - a potion of lignification
 h - a potion of ambrosia {unknown}
 j - 2 potions of curing
 k - a potion of haste
 m - 2 potions of brilliance {unknown}
 n - 2 potions of degeneration {unknown}


   Skills:
 * Level 4.2 Fighting
 * Level 4.7 Long Blades
 * Level 2.4 Armour
 - Level 2.4 Dodging
 - Level 3.0 Stealth


You had 5 spell levels left.
You didn't know any spells.
Your spell library contained the following spells:

 Spells                   Type           Power      Damage    Failure   Level
 Corpse Rot               Necr/Air       N/A        N/A       71%         2
 Dispel Undead            Necr           0%         3d6       100%        4
 Death Channel            Necr           0%         N/A       100%        6


Dungeon Overview and Level Annotations

Branches:
Dungeon (3/15)

Altars:
Kikubaaqudgha


Innate Abilities, Weirdness & Mutations

Your serpentine skin is tough. (AC +2)
You have supernaturally acute eyesight. (SInv)
Armour fits poorly on your strangely shaped body.
Your system is resistant to poisons. (rPois)
You cover ground very slowly.
You can spit poison.
You have a snake-like lower body.


Message History

* * * LOW HITPOINT WARNING * * *
The gnoll shaman hits you with a +0 whip.
* * * LOW HITPOINT WARNING * * *
The gnoll barely misses you.
The gnoll hits you from afar with a +3 spear.
* * * LOW HITPOINT WARNING * * *
Okay, then.
You feel much better.
The gnoll shaman hits you with a +0 whip.
The gnoll hits you from afar with a +0 spear.
The gnoll hits you from afar with a +3 spear.
* * * LOW HITPOINT WARNING * * *
A red film seems to cover your vision as you go berserk!
You feel yourself moving faster!
You feel mighty! The gnoll hits you but does no damage.
The gnoll shaman hits you with a +0 whip.
* * * LOW HITPOINT WARNING * * *
The gnoll barely misses you.
A gnoll comes into view. It is wielding a +0 flail.
The gnoll barely misses you.
The gnoll shouts!
You slash the gnoll shaman!
The gnoll shaman is severely wounded.
The gnoll shaman hits you with a +0 whip!
* * * LOW HITPOINT WARNING * * *
The gnoll hits you from afar with a +0 spear.
* * * LOW HITPOINT WARNING * * *
You closely miss the gnoll shaman.
The gnoll shaman is severely wounded.
The gnoll hits you but does no damage. x2; The gnoll shaman closely misses you.
You barely miss the gnoll shaman.
The gnoll shaman is severely wounded.
The gnoll hits you but does no damage.
The gnoll hits you from afar with a +3 spear.
* * * LOW HITPOINT WARNING * * *
A gnoll comes into view. It is wielding a +0 flail.
You barely miss the gnoll shaman.
The gnoll shaman is severely wounded.
The gnoll shaman hits you with a +0 whip!
You die...

...#.#.#.#
...#...#.#
...#...#.#
....#.##.#######
.......(...)...#
.....#.#.#####g###
.....#..(# #.g.g.#
.........###.#g#.#
...#.#.....g.#.g@#
##...#...#########
#####.#..# ...#..#
#####..# ...# #..#
#...


You could see a gnoll shaman and 4 gnolls.

Vanquished Creatures
  3 vampire bats (D:3)
  An orc priest (D:3)
  3 adders
  2 dart slugs
  5 orcs (D:3)
  7 bats
  2 bat skeletons (D:3)
  2 bat zombies (D:3)
  4 endoplasms
  A giant cockroach (D:1)
  6 goblins
  5 hobgoblins
  4 quokkas
  4 ball pythons
  4 frilled lizards
  A kobold (D:2)
  7 rats
61 creatures vanquished.

Notes
Turn   | Place    | Note
-------+----------+-------------------------------------------
     0 | D:1      | Jawa73 the Naga Monk began the quest for the Orb.
     0 | D:1      | Reached XP level 1. HP: 21/21 MP: 1/1
   116 | D:1      | Reached XP level 2. HP: 21/28 MP: 2/2
   201 | D:1      | Found a faded altar of an unknown god.
   590 | D:1      | Reached XP level 3. HP: 34/34 MP: 3/3
  1366 | D:2      | Reached skill level 1 in Armour
  1715 | D:2      | Reached XP level 4. HP: 41/44 MP: 4/4
  1919 | D:3      | Found an ancient bone altar of Kikubaaqudgha.
  1948 | D:3      | Reached XP level 5. HP: 21/50 MP: 5/5
  2630 | D:3      | Reached XP level 6. HP: 26/57 MP: 6/6
  2694 | D:3      | Slain by a gnoll shaman

Illustrated notes

Levels and vault maps discovered:
D:1:      lemuel_arrival_behind_the_door_small, layout_basic,
          hellmonk_ecumenical_altar_slurped_away
D:2:      layout_basic
D:3:      cheibrodos_thug_alley, layout_basic, kennysheep_vampire_church

Skill      XL: |  1  2  3  4  5 |
---------------+----------------+-----
Armour         | 1 2 |  2.4
Long Blades    | 4 |  4.7
Fighting       | 4 |  4.2
Dodging        | |  2.4
Stealth        | |  3.0

Action                   |  1- 3 |  4- 6 || total
-------------------------+-------+-------++-------
Melee: Falchion          |    86 |    95 ||   181
 Abil: Spit Poison       |     8 |     5 ||    13
  Use: Scroll            |     6 |     3 ||     9
       Potion            |       |     2 ||     2
 Stab: Sleeping          |       |     1 ||     1
Armor: Ring mail         |    44 |    96 ||   140
Dodge: Dodged            |    48 |    84 ||   132

Table legend: (Time is in decaauts)
 A = Elapsed time spent in this place.
 B = Non-inter-level travel time spent in this place.
 C = Inter-level travel time spent in this place.
 D = Time resting spent in this place.
 E = Time spent auto-exploring this place.
 F = Levels seen in this place.
 G = Mean time per level.
                   A        B        C        D        E       F      G
               +--------+--------+--------+--------+--------+-----+--------+
         Total |   3284 |   3149 |    135 |     36 |   2297 |   3 | 1094.7 |
       Dungeon |   3284 |   3149 |    135 |     36 |   2297 |   3 | 1094.7 |
               +--------+--------+--------+--------+--------+-----+--------+

Top non-repeatable levels by time:
     D:2: 1257 daAuts
     D:1: 1066 daAuts
     D:3: 960 daAuts
